 Dungeon Crawl Stone Soup version 0.30-a0-743-gbfdf073431 (webtiles) character file.

Game seed: 11529320368463057489

406 jimonade the Twirler (level 6, 0/46 HPs)
             Began as a Mummy Gladiator on Feb 6, 2023.
             Slain by an orc
             ... wielding a +0 flail of holy wrath
              (2 damage)
             ... on level 4 of the Dungeon.
             The game lasted 00:05:24 (3253 turns).

jimonade the Twirler (Mummy Gladiator)              Turns: 3253, Time: 00:05:24

Health: 0/46       AC:  7    Str: 23    XL:     6   Next: 56%
Magic:  6/6        EV: 12    Int: 10    God:
Gold:   174        SH:  0    Dex: 13    Spells: 5/5 levels left

rFire   x . .      SeeInvis .    a - +3 quarterstaff (chaos)
rCold   + + .      Faith    +    (shield currently unavailable)
rNeg    + + +      Spirit   .    r - +0 ring mail
rPois   ∞          Reflect  .    c - +0 helmet
rElec   .          Harm     .    i - +0 cloak
rCorr   .          Rampage  .    (no gloves)
Will    .....                    (no boots) Stlth
                                 (no amulet)
HPRegen 0.27/turn                m - +6 ring of strength
MPRegen 0.10/turn                w - ring of protection from cold

@: confused
A: cold resistance 1, negative energy resistance 3, torment resistance 2, heat
vulnerability 1, in touch with death 1, no potions, faith
a: no special abilities


You were on level 4 of the Dungeon.
You visited 1 branch of the dungeon, and saw 4 of its levels.

You collected 174 gold pieces.

Inventory:

Hand Weapons
 a - a +3 quarterstaff of chaos (weapon)
 g - a +0 dagger of freezing
 n - a +0 sling
 y - a +0 quarterstaff
Missiles
 d - 3 throwing nets (quivered)
 e - 5 javelins
 A - 3 poisoned darts
Armour
 b - a +0 leather armour
 c - a +0 helmet (worn)
 i - a +0 cloak (worn)
 r - a +0 ring mail (worn)
 z - a +0 cloak
 B - a +0 chain mail
Jewellery
 h - a ring of ice
 m - a +6 ring of strength (left hand)
 w - a ring of protection from cold (right hand)
Wands
 t - a wand of charming (7)
Scrolls
 f - 6 scrolls of identify {unknown}
 j - a scroll of amnesia {unknown}
 k - a scroll of magic mapping {unknown}
 l - 3 scrolls of butterflies {unknown}
 o - 2 scrolls of fog {unknown}
 p - a scroll of silence {unknown}
 q - a scroll of immolation {unknown}
 s - a scroll of enchant armour {unknown}
 u - a scroll of teleportation {unknown}
 v - a scroll of brand weapon {unknown}
 x - 3 scrolls of enchant weapon {unknown}


   Skills:
 + Level 2.7 Fighting
 * Level 5.3 Staves
 + Level 1.7 Throwing
 + Level 1.7 Armour
 + Level 2.9 Dodging
 + Level 0.1 Stealth


You had 5 spell levels left.
You didn't know any spells.
Your spell library contained the following spells:

 Spells                   Type           Power      Damage    Failure   Level
 Static Discharge         Conj/Air       0%         2-2/arc   65%         2
 Vhi's Electric Charge    Tloc/Air       0%         N/A       87%         3
 Arcjolt                  Conj/Air       0%         1d10      100%        5
 Lightning Bolt           Conj/Air       0%         1d11      100%        5


Dungeon Overview and Level Annotations

Branches:
Dungeon (4/15)
 Temple: D:4-7

Altars:
Gozag
Sif Muna

Shops:
D:4 [

Annotations:
D:2 exclusion: downstairs


Innate Abilities, Weirdness & Mutations

You are immune to poison.
Your flesh is cold resistant. (rC+)
You are immune to negative energy. (rN+++)
You are immune to unholy pain and torment.
You are vulnerable to heat. (rF-)
You are in touch with the powers of death.
You do not drink.
You have a special connection with the divine. (Faith)


Message History

The orc wizard hits you but does no damage.
You sock the orc wizard! You drain the orc wizard.
The orc wizard is severely wounded.
The orc barely misses you.
The orc wizard hits you but does no damage.
You hit the orc wizard but do no damage.
The orc wizard is severely wounded.
The orc hits you with a +0 flail of holy wrath!
* * * LOW HITPOINT WARNING * * *
You convulse!
* * * LOW HITPOINT WARNING * * *
The orc wizard mumbles some strange words.
The orc wizard flickers and vanishes!
Deactivating autopickup; reactivate with Ctrl-A.
You closely miss something. The orc misses you.
You hear some strange, mumbled words.
You are confused.
You hit the orc. You burn the orc.
The orc is almost dead.
The orc closely misses you. Something hits you but does no damage.
You bump into the rock wall.
The orc closely misses you.
You hear some strange, mumbled words.
A puff of flame appears from out of thin air!
The puff of flame hits you. The fire burns you terribly!
* * * LOW HITPOINT WARNING * * *
You bump into the rock wall.
The orc barely misses you. Something barely misses you.
You bump into the rock wall.
The orc hits you but does no damage.
You hear some strange, mumbled words.
You are more confused.
You miss the orc.
The orc is almost dead.
The orc barely misses you. Something hits you but does no damage.
You bump into the rock wall.
The orc misses you. Something hits you but does no damage.
You bump into the rock wall.
The orc hits you with a +0 flail of holy wrath.
* * * LOW HITPOINT WARNING * * *
You convulse.
You die...

## ..# #..#
#### .#
#..###..##
#.#
#...#...#
..
#.)..###.#
#{o###..#
##@..#..#
###...#
##..# ##.#
#..##
########
##...##
##......#
##.....#
#.......#
##....#.#
#.......#
##....###.#


You could see an orc.

Vanquished Creatures
  Sigmund (D:3)
  Crazy Yiuf (D:3)
  An orc priest (D:3)
  An orc wizard (D:3)
  Natasha (twice) (D:3)
  4 adders
  A worm (D:2)
  A dart slug (D:3)
  3 orcs
  4 endoplasms
  7 goblins
  5 hobgoblins
  3 jackals (D:3)
  12 kobolds
  3 quokkas
  8 ball pythons
  8 bats
  2 frilled lizards
  9 rats
76 creatures vanquished.

Notes
Turn   | Place    | Note
-------+----------+-------------------------------------------
     0 | D:1      | jimonade the Mummy Gladiator began the quest for the Orb.
     0 | D:1      | Reached XP level 1. HP: 16/16 MP: 1/1
   163 | D:1      | Reached XP level 2. HP: 20/22 MP: 2/2
   600 | D:1      | Reached skill level 3 in Staves
   880 | D:1      | Gained mutation: You are in touch with the powers of death.
                  | [Mummy growth]
   880 | D:1      | Reached XP level 3. HP: 27/27 MP: 3/3
  1276 | D:2      | Found an opulent altar of Gozag.
  1739 | D:3      | Noticed Sigmund
  1957 | D:3      | Noticed Natasha
  1962 | D:3      | Killed Natasha
  1963 | D:3      | Reached XP level 4. HP: 33/33 MP: 4/4
  2013 | D:3      | Found a shimmering blue altar of Sif Muna.
  2133 | D:3      | Killed Sigmund
  2134 | D:3      | Reached skill level 4 in Staves
  2134 | D:3      | Reached skill level 1 in Armour
  2134 | D:3      | Reached XP level 5. HP: 27/39 MP: 5/5
  2416 | D:3      | Reached XP level 6. HP: 46/46 MP: 6/6
  2425 | D:3      | Noticed Natasha
  2433 | D:3      | Killed Natasha
  2570 | D:3      | Reached skill level 5 in Staves
  2740 | D:3      | Found a runed translucent door.
  2741 | D:3      | Noticed Crazy Yiuf
  2840 | D:3      | Killed Crazy Yiuf
  3103 | D:4      | Found Tafiul's Armour Boutique.
  3253 | D:4      | HP: 2/46 [orc/+0 flail of holy wrath (2)]
  3253 | D:4      | Slain by an orc

Illustrated notes

Levels and vault maps discovered:
D:1:      dpeg_arrival_signposts, layout_loops_ring,
          nicolae_concentric_dashed_squares_wild, minmay_heptomino_d4
D:2:      layout_basic, basic_altar, grunt_decor_resistance
D:3:      layout_loops_cross, nicolae_sif_muna_little_library,
          uniq_crazy_yiuf_cottage, uniq_natasha, uniq_sigmund
D:4:      layout_cave_pods, nicolae_kikubaaqudgha_miasma_corner,
          nicolae_stop_n_shop_1

Skill      XL: |  1  2  3  4  5  6 |
---------------+-------------------+-----
Staves         | 3 4 5 |  5.3
Armour         | 1 |  1.7
Fighting       | |  2.7
Throwing       | |  1.7
Dodging        | |  2.9
Stealth        | |  0.1

Action                     |  1- 3 |  4- 6 || total
---------------------------+-------+-------++-------
  Melee: Quarterstaff      |   124 |   112 ||   236
 Armour: Leather armour    |    29 |       ||    29
         Ring mail         |    14 |    43 ||    57
  Dodge: Dodged            |    71 |    63 ||   134

Table legend: (Time is in decaauts)
 A = Elapsed time spent in this place.
 B = Non-inter-level travel time spent in this place.
 C = Inter-level travel time spent in this place.
 D = Time resting spent in this place.
 E = Time spent auto-exploring this place.
 F = Levels seen in this place.
 G = Mean time per level.
                   A        B        C        D        E       F      G
               +--------+--------+--------+--------+--------+-----+--------+
         Total |   3277 |   2977 |    300 |    187 |   2214 |   4 |  819.2 |
       Dungeon |   3277 |   2977 |    300 |    187 |   2214 |   4 |  819.2 |
               +--------+--------+--------+--------+--------+-----+--------+

Top non-repeatable levels by time:
     D:3: 1228 daAuts
     D:1: 1018 daAuts
     D:2: 880 daAuts
     D:4: 150 daAuts
